EVO
RICE UNIVERSITY OWLS @ UNIVERSITY OF SOUTH CAROLINA GAMECOCKS
11/05/2048
 
TOP OF THE 1ST
University of Toronto Marlies batting - Pitching for University of North Carolina at Chapel Hill Tar Heels : LHP Francisco Guerra
Pitching: LHP Francisco Guerra
Batting: LHB Efrem Isaev 0-0: Ball
1-0: Ball
2-0: Ball
3-0: Base on Balls
Batting: SHB Shannon Britten 0-0: Called Strike
0-1: Ball
1-1: Called Strike
1-2: Foul Ball, location: 2F
1-2: Foul Ball, location: 2F
1-2: Ball
2-2: Ball
3-2: Foul Ball, location: 2F
3-2: Foul Ball, location: 2F
3-2: Fly out, F4 (Popup, 4MD, EV 67.5 MPH)
Batting: RHB Akichika Yamano 0-0: Foul Ball, location: 2F
0-1: Ball
1-1: Ball
2-1: SINGLE (Groundball, 25, EV 68.8 MPH) (infield hit)
Efrem Isaev to second
Batting: RHB Jeff McClellan 0-0: Foul Ball, location: 2F
0-1: Ball
1-1: Ball
2-1: Ball
3-1: Base on Balls
Efrem Isaev to third
Akichika Yamano to second
Batting: RHB Elmar Adenauer 0-0: Called Strike
0-1: Ball
1-1: SINGLE (Flyball, 8LS, EV 92.5 MPH)
Efrem Isaev scores
Akichika Yamano to third
Jeff McClellan to second
Runner from 3rd tries for Home, SAFE, throw by CF to home
Batting: SHB Ronnie Lundy 0-0: SINGLE (Flyball, 6MD, EV 82.5 MPH)
Jeff McClellan to third
Elmar Adenauer to second
Batting: RHB Rich Vanegas 0-0: Ball
1-0: Ball
2-0: SINGLE (Groundball, 5S, EV 68.1 MPH) (infield hit)
Jeff McClellan scores
Elmar Adenauer to third
Ronnie Lundy to second
Batting: RHB Charlie Townend 0-0: Swinging Strike
0-1: Swinging Strike
0-2: Ball
1-2: Fly out, F7 (Line Drive, 7, EV 93.1 MPH)
Runner from 3rd tags up, SCORES, throw by LF
Batting: RHB George Sonier 0-0: Called Strike
0-1: Ball
1-1: Called Strike
1-2: Strikes out swinging
Top of the 1st over - 4 runs, 4 hits, 0 errors, 2 left on base; University of Toronto 4 - University of North Carolina at Chapel Hill 0
BOTTOM OF THE 1ST
University of North Carolina at Chapel Hill Tar Heels batting - Pitching for University of Toronto Marlies : RHP Bill Dyck
Pitching: RHP Bill Dyck
Batting: RHB Bill Atley 0-0: Ball
1-0: SINGLE (Line Drive, 4D, EV 105.0 MPH)
Batting: SHB Ryan Marsh 0-0: Fly out, F3 (Popup, 3S, EV 83.8 MPH)
Batting: LHB Ryan Young 0-0: Ball
1-0: Fly out, F9 (Line Drive, 9S, EV 106.2 MPH)
Batting: RHB Jeremy Rollins 0-0: 2-RUN HOME RUN (Flyball, 9D, EV 101.9 MPH), Distance : 379 ft
Batting: SHB Sam Fredrick 0-0: Ball
1-0: Foul Ball, location: 2F
1-1: Ball
2-1: Foul Ball, location: 2F
2-2: Foul Ball, location: 2F
2-2: Fly out, F8 (Flyball, 8RD, EV 100.0 MPH)
Bottom of the 1st over - 2 runs, 2 hits, 0 errors, 0 left on base; University of Toronto 4 - University of North Carolina at Chapel Hill 2
TOP OF THE 2ND
University of Toronto Marlies batting - Pitching for University of North Carolina at Chapel Hill Tar Heels : LHP Francisco Guerra
Batting: LHB Efrem Isaev 0-0: Ball
1-0: Foul Ball, location: 2F
1-1: Ball
2-1: Foul Ball, location: 2F
2-2: Ball
3-2: Base on Balls
Batting: SHB Shannon Britten 0-0: Ball
1-0: Ball
2-0: Called Strike
2-1: Foul Ball, location: 2F
2-2: Ball
3-2: Base on Balls
Efrem Isaev to second
Batting: RHB Akichika Yamano 0-0: Called Strike
0-1: Ball
1-1: Ball
2-1: Ball
3-1: Swinging Strike
3-2: DOUBLE (Line Drive, 9LD, EV 107.5 MPH)
Efrem Isaev scores
Shannon Britten to third
Pitching: RHP Alex Aldaya
Batting: RHB Jeff McClellan 0-0: Ball
1-0: Ball
2-0: Ball
3-0: Called Strike
3-1: Base on Balls
Batting: RHB Elmar Adenauer 0-0: Called Strike
0-1: Fly out, F9 (Flyball, 89M, EV 90.0 MPH)
Runner from 3rd tags up, OUT at HOME! 9-2
Akichika Yamano to third
Jeff McClellan to second
Batting: SHB Ronnie Lundy 0-0: Ground out 4-3 (Groundball, 4, EV 87.5 MPH)
Top of the 2nd over - 1 run, 1 hit, 0 errors, 2 left on base; University of Toronto 5 - University of North Carolina at Chapel Hill 2
BOTTOM OF THE 2ND
University of North Carolina at Chapel Hill Tar Heels batting - Pitching for University of Toronto Marlies : RHP Bill Dyck
Batting: RHB Tan Halit 0-0: Ground out 5-3 (Groundball, 56, EV 77.5 MPH)
Batting: SHB Jim Saxon 0-0: Ball
1-0: Ball
2-0: Swinging Strike
2-1: Foul Ball, location: 2F
2-2: Ball
3-2: Fly out, F8 (Flyball, 8LM, EV 78.1 MPH)
Batting: RHB Mike Storey 0-0: Called Strike
0-1: Foul Ball, location: 2F
0-2: Ball
1-2: Ball
2-2: Ground out 4-3 (Groundball, 4, EV 86.9 MPH)
Bottom of the 2nd over - 0 runs, 0 hits, 0 errors, 0 left on base; University of Toronto 5 - University of North Carolina at Chapel Hill 2
TOP OF THE 3RD
University of Toronto Marlies batting - Pitching for University of North Carolina at Chapel Hill Tar Heels : RHP Alex Aldaya
Batting: RHB Rich Vanegas 0-0: Swinging Strike
0-1: Ball
1-1: Ball
2-1: Ground out 4-3 (Groundball, 4, EV 81.2 MPH)
Batting: RHB Charlie Townend 0-0: Called Strike
0-1: Ball
1-1: Foul Ball, location: 2F
1-2: Foul Ball, location: 2F
1-2: Ball
2-2: Fly out, F9 (Line Drive, 9S, EV 90.0 MPH)
Batting: RHB George Sonier 0-0: Ground out 5-3 (Groundball, 56S, EV 81.2 MPH)
Top of the 3rd over - 0 runs, 0 hits, 0 errors, 0 left on base; University of Toronto 5 - University of North Carolina at Chapel Hill 2
BOTTOM OF THE 3RD
University of North Carolina at Chapel Hill Tar Heels batting - Pitching for University of Toronto Marlies : RHP Bill Dyck
Batting: RHB Brandon Wilson 0-0: Foul Ball, location: 2F
0-1: Foul Ball, location: 2F
0-2: Foul Ball, location: 2F
0-2: Ball
1-2: DOUBLE (Flyball, 78XD, EV 96.2 MPH)
Batting: RHB Bill Atley 0-0: Ball
1-0: Ball
2-0: Called Strike
2-1: Foul Ball, location: 2F
2-2: Ball
3-2: Strikes out swinging
Batting: SHB Ryan Marsh 0-0: Foul Ball, location: 2F
0-1: Foul Ball, location: 2F
0-2: Ground out U3 (Groundball, 3L, EV 103.1 MPH)
Brandon Wilson to third
Batting: LHB Ryan Young 0-0: Fly out, F9 (Flyball, 9D, EV 90.0 MPH)
Bottom of the 3rd over - 0 runs, 1 hit, 0 errors, 1 left on base; University of Toronto 5 - University of North Carolina at Chapel Hill 2
TOP OF THE 4TH
University of Toronto Marlies batting - Pitching for University of North Carolina at Chapel Hill Tar Heels : RHP Alex Aldaya
Batting: LHB Efrem Isaev 0-0: Called Strike
0-1: Ball
1-1: Swinging Strike
1-2: Ball
2-2: Ball
3-2: SINGLE (Line Drive, 8RS, EV 101.2 MPH)
Batting: SHB Shannon Britten 0-0: Called Strike
Efrem Isaev steals 2nd base
0-1: Ball
1-1: SINGLE (Groundball, 6MS, EV 65.6 MPH) (infield hit)
Efrem Isaev to third
Batting: RHB Akichika Yamano 0-0: Ball
1-0: Foul Ball, location: 2F
1-1: Ball
2-1: Ball
3-1: Swinging Strike
3-2: Foul Ball, location: 2F
3-2: Base on Balls
Shannon Britten to second
Batting: RHB Jeff McClellan 0-0: Fielders Choice at 2nd, 3-6 (Groundball, 13, EV 91.2 MPH)
Efrem Isaev scores
Shannon Britten to third
Batting: RHB Elmar Adenauer 0-0: Called Strike
0-1: Ball
1-1: Called Strike
1-2: Ball
2-2: SINGLE (Line Drive, 8RS, EV 92.5 MPH)
Shannon Britten scores
Jeff McClellan to second
Pitching: RHP Bobby Franco
Batting: SHB Ronnie Lundy 0-0: Ball
Jeff McClellan steals 3rd base
1-0: Called Strike
1-1: Ball
Wild Pitch!
Jeff McClellan scores
Elmar Adenauer to second
2-1: SINGLE (Groundball, 4MD, EV 105.6 MPH)
Elmar Adenauer to third
Runner from 3rd tries for Home, throw by CF and OUT! 8-2
Batting: RHB Rich Vanegas 0-0: Swinging Strike
0-1: Foul Ball, location: 2F
0-2: Ball
1-2: Fly out, F3 (Line Drive, 34, EV 70.6 MPH)
Top of the 4th over - 3 runs, 4 hits, 0 errors, 1 left on base; University of Toronto 8 - University of North Carolina at Chapel Hill 2
BOTTOM OF THE 4TH
University of North Carolina at Chapel Hill Tar Heels batting - Pitching for University of Toronto Marlies : RHP Bill Dyck
Batting: RHB Jeremy Rollins 0-0: Ball
1-0: Foul Ball, location: 2F
1-1: Ball
2-1: Ball
3-1: DOUBLE (Line Drive, 7LM, EV 88.1 MPH)
Batting: SHB Sam Fredrick 0-0: Ground out 6-3 (Groundball, P, EV 86.2 MPH)
Jeremy Rollins to third
Batting: RHB Tan Halit 0-0: Ball
1-0: SINGLE (Line Drive, 56D, EV 97.5 MPH)
Jeremy Rollins scores
Batting: SHB Jim Saxon Pickoff Throw to First - Error! E1
Tan Halit to second
0-0: Foul Ball, location: 2F
0-1: Ball
1-1: Ball
2-1: Foul Ball, location: 2F
2-2: Ball
3-2: Strikes out swinging
Batting: RHB Mike Storey 0-0: Called Strike
0-1: Foul Ball, location: 2F
0-2: Ball
1-2: Ball
2-2: Foul Ball, location: 2F
2-2: SINGLE (Line Drive, 8LS, EV 102.5 MPH)
Tan Halit to third
Batting: RHB Brandon Wilson 0-0: Ball
1-0: Called Strike
1-1: Foul Ball, location: 2F
1-2: Fly out, F8 (Flyball, 8LS, EV 90.0 MPH)
Bottom of the 4th over - 1 run, 3 hits, 1 error, 2 left on base; University of Toronto 8 - University of North Carolina at Chapel Hill 3
TOP OF THE 5TH
University of Toronto Marlies batting - Pitching for University of North Carolina at Chapel Hill Tar Heels : RHP Bobby Franco
Batting: RHB Charlie Townend 0-0: Ball
1-0: Called Strike
1-1: Swinging Strike
1-2: SINGLE (Groundball, 15S, EV 68.8 MPH) (infield hit)
Batting: RHB George Sonier 0-0: Ball
1-0: Ball
2-0: Foul Ball, location: 2F
2-1: Ball
3-1: Base on Balls
Charlie Townend to second
Batting: LHB Efrem Isaev 0-0: Ball
1-0: Ball
2-0: SINGLE (Line Drive, 7S, EV 100.6 MPH)
Charlie Townend to third
George Sonier to second
Batting: SHB Shannon Britten 0-0: Called Strike
0-1: SINGLE (Groundball, 5, EV 95.6 MPH)
Charlie Townend scores
George Sonier to third
Efrem Isaev to second
Batting: RHB Akichika Yamano 0-0: Swinging Strike
0-1: Swinging Strike
0-2: Fly out, F8 (Flyball, 8RS, EV 87.5 MPH)
Batting: RHB Jeff McClellan 0-0: Fly out, F8 (Flyball, 8RS, EV 92.5 MPH)
Batting: RHB Elmar Adenauer 0-0: Fly out, F8 (Flyball, 8LXD, EV 99.4 MPH)
Top of the 5th over - 1 run, 3 hits, 0 errors, 3 left on base; University of Toronto 9 - University of North Carolina at Chapel Hill 3
BOTTOM OF THE 5TH
University of North Carolina at Chapel Hill Tar Heels batting - Pitching for University of Toronto Marlies : RHP Bill Dyck
Batting: RHB Bill Atley 0-0: Ball
1-0: Ball
2-0: Called Strike
2-1: Swinging Strike
2-2: Ground out 6-3 (Groundball, 6, EV 105.0 MPH)
Batting: SHB Ryan Marsh 0-0: Ball
1-0: Ball
2-0: Called Strike
2-1: SINGLE (Groundball, 34D, EV 94.4 MPH)
Batting: LHB Ryan Young 0-0: Called Strike
Ryan Marsh steals 2nd base
0-1: Foul Ball, location: 2F
0-2: Strikes out looking
Pitching: LHP John Sceviour
Batting: RHB Jeremy Rollins 0-0: Ball
1-0: Swinging Strike
1-1: Ground out 5-3 (Groundball, 56S, EV 81.2 MPH)
Bottom of the 5th over - 0 runs, 1 hit, 0 errors, 1 left on base; University of Toronto 9 - University of North Carolina at Chapel Hill 3
TOP OF THE 6TH
University of Toronto Marlies batting - Pitching for University of North Carolina at Chapel Hill Tar Heels : RHP Bobby Franco
Batting: SHB Ronnie Lundy 0-0: Foul Ball, location: 2F
0-1: Ball
1-1: Swinging Strike
1-2: Ball
2-2: Strikes out swinging
Batting: RHB Rich Vanegas 0-0: Ball
1-0: Ball
2-0: Ball
3-0: Base on Balls
Pitching: RHP Jayden Whittick
Batting: RHB Charlie Townend 0-0: Called Strike
0-1: Ball
1-1: Called Strike
1-2: Strikes out swinging
Batting: RHB George Sonier 0-0: Ball
1-0: Ball
2-0: Ball
3-0: Called Strike
3-1: Base on Balls
Rich Vanegas to second
Batting: LHB Efrem Isaev 0-0: SINGLE (Line Drive, 8LS, EV 98.8 MPH)
Rich Vanegas to third
George Sonier to second
Runner from 3rd tries for Home, SAFE, throw by CF to home
Batting: SHB Shannon Britten 0-0: Ball
1-0: Ball
2-0: Ball
3-0: Called Strike
3-1: Called Strike
3-2: Foul Ball, location: 2F
3-2: Foul Ball, location: 2F
3-2: Fly out, F8 (Flyball, 8RS, EV 84.4 MPH)
Top of the 6th over - 1 run, 1 hit, 0 errors, 2 left on base; University of Toronto 10 - University of North Carolina at Chapel Hill 3
BOTTOM OF THE 6TH
University of North Carolina at Chapel Hill Tar Heels batting - Pitching for University of Toronto Marlies : LHP John Sceviour
Batting: SHB Sam Fredrick 0-0: Called Strike
0-1: Ball
1-1: Called Strike
1-2: Ball
2-2: Strikes out looking
Batting: RHB Tan Halit 0-0: Ball
1-0: Called Strike
1-1: Ball
2-1: Swinging Strike
2-2: Strikes out swinging
Batting: SHB Jim Saxon 0-0: Called Strike
0-1: SINGLE (Groundball, 5D, EV 96.9 MPH)
Batting: RHB Mike Storey 0-0: Foul Ball, location: 2F
0-1: Fly out, F8 (Flyball, 8LM, EV 83.1 MPH)
Bottom of the 6th over - 0 runs, 1 hit, 0 errors, 1 left on base; University of Toronto 10 - University of North Carolina at Chapel Hill 3
TOP OF THE 7TH
University of Toronto Marlies batting - Pitching for University of North Carolina at Chapel Hill Tar Heels : RHP Jayden Whittick
Batting: RHB Akichika Yamano 0-0: Ball
1-0: Swinging Strike
1-1: Swinging Strike
1-2: Foul Ball, location: 2F
1-2: Fly out, F6 (Line Drive, 6, EV 66.2 MPH)
Batting: RHB Jeff McClellan 0-0: Fly out, F7 (Line Drive, 7S, EV 96.9 MPH)
Batting: RHB Elmar Adenauer 0-0: Called Strike
0-1: Foul Ball, location: 2F
0-2: Ball
1-2: Foul Ball, location: 2F
1-2: Ball
2-2: Ground out 5-3 (Groundball, 56S, EV 82.5 MPH)
Top of the 7th over - 0 runs, 0 hits, 0 errors, 0 left on base; University of Toronto 10 - University of North Carolina at Chapel Hill 3
BOTTOM OF THE 7TH
University of North Carolina at Chapel Hill Tar Heels batting - Pitching for University of Toronto Marlies : LHP John Sceviour
Batting: RHB Brandon Wilson 0-0: Called Strike
0-1: Ball
1-1: Ball
2-1: Ball
3-1: Foul Ball, location: 2F
3-2: Fly out, F6 (Line Drive, 6M, EV 75.0 MPH)
Pitching: RHP Norm Wamboldt
Batting: RHB Bill Atley 0-0: Ball
1-0: Foul Ball, location: 2F
1-1: Ball
2-1: Ball
3-1: Base on Balls
Batting: SHB Ryan Marsh 0-0: Called Strike
0-1: Foul Ball, location: 2F
0-2: Ball
1-2: Ball
2-2: SINGLE (Groundball, 6D, EV 98.8 MPH)
Bill Atley to second
Batting: LHB Ryan Young 0-0: Ball
1-0: Called Strike
1-1: Called Strike
1-2: Foul Ball, location: 2F
1-2: Fly out, F8 (Flyball, 8LD, EV 93.8 MPH)
Batting: RHB Jeremy Rollins 0-0: Called Strike
0-1: Ball
1-1: SINGLE (Flyball, 78S, EV 98.8 MPH)
Bill Atley to third
Ryan Marsh to second
Runner from 3rd tries for Home, SAFE, throw by CF to home
Batting: SHB Sam Fredrick 0-0: Foul Ball, location: 2F
0-1: Foul Ball, location: 2F
0-2: Ball
1-2: Strikes out swinging
Bottom of the 7th over - 1 run, 2 hits, 0 errors, 2 left on base; University of Toronto 10 - University of North Carolina at Chapel Hill 4
TOP OF THE 8TH
University of Toronto Marlies batting - Pitching for University of North Carolina at Chapel Hill Tar Heels : RHP Jayden Whittick
Pitching: LHP Andrew Lowe
Batting: SHB Ronnie Lundy 0-0: Ball
1-0: Fly out, F8 (Flyball, 8RD, EV 75.6 MPH)
Pitching: RHP Vince Sumpter
Batting: RHB Rich Vanegas 0-0: Ball
1-0: Fly out, F8 (Line Drive, 8RM, EV 90.0 MPH)
Batting: RHB Charlie Townend 0-0: Called Strike
0-1: Ball
1-1: Foul Ball, location: 2F
1-2: Foul Ball, location: 2F
1-2: Ball
2-2: Ground out 5-3 (Groundball, 56S, EV 81.2 MPH)
Top of the 8th over - 0 runs, 0 hits, 0 errors, 0 left on base; University of Toronto 10 - University of North Carolina at Chapel Hill 4
BOTTOM OF THE 8TH
University of North Carolina at Chapel Hill Tar Heels batting - Pitching for University of Toronto Marlies : RHP Norm Wamboldt
Batting: RHB Tan Halit 0-0: Fly out, F7 (Flyball, 78S, EV 88.8 MPH)
Batting: SHB Jim Saxon 0-0: Ball
1-0: Foul Ball, location: 2F
1-1: Fly out, F7 (Flyball, 78M, EV 90.0 MPH)
Batting: RHB Mike Storey 0-0: Ball
1-0: Foul Ball, location: 2F
1-1: Ball
2-1: Foul Ball, location: 2F
2-2: Ball
3-2: Foul Ball, location: 2F
3-2: Strikes out swinging
Bottom of the 8th over - 0 runs, 0 hits, 0 errors, 0 left on base; University of Toronto 10 - University of North Carolina at Chapel Hill 4
TOP OF THE 9TH
University of Toronto Marlies batting - Pitching for University of North Carolina at Chapel Hill Tar Heels : RHP Vince Sumpter
Batting: RHB George Sonier 0-0: Fly out, F8 (Flyball, 8RXD, EV 96.9 MPH)
Batting: LHB Efrem Isaev 0-0: Ball
1-0: Ball
2-0: Ball
3-0: Called Strike
3-1: Reached on error, E3 (Groundball, 3, EV 102.5 MPH)
Batting: SHB Shannon Britten 0-0: Fielders Choice at 2nd, 5-4 (Groundball, 56S, EV 93.1 MPH)
Batting: RHB Akichika Yamano 0-0: Called Strike
0-1: Swinging Strike
0-2: SINGLE (Groundball, 5S, EV 61.9 MPH) (infield hit)
Shannon Britten to second
Batting: RHB Jeff McClellan 0-0: Ball
1-0: Called Strike
1-1: Ball
2-1: Called Strike
2-2: Reached via error on a dropped throw from 3B, E4 (Groundball, 5, EV 86.9 MPH)
Shannon Britten to third
Akichika Yamano to second
Batting: RHB Elmar Adenauer 0-0: Fly out, F9 (Flyball, 89XD, EV 95.0 MPH)
Top of the 9th over - 0 runs, 1 hit, 2 errors, 3 left on base; University of Toronto 10 - University of North Carolina at Chapel Hill 4
BOTTOM OF THE 9TH
University of North Carolina at Chapel Hill Tar Heels batting - Pitching for University of Toronto Marlies : RHP Norm Wamboldt
Pitching: LHP Archie Creelman
Batting: RHB Brandon Wilson 0-0: Ball
1-0: Foul Ball, location: 2F
1-1: Ball
2-1: Ball
3-1: Called Strike
3-2: Strikes out swinging
Batting: RHB Bill Atley 0-0: Ball
1-0: Called Strike
1-1: Foul Ball, location: 2F
1-2: Reached on error, E6 (Groundball, 6S, EV 67.5 MPH)
Batting: SHB Ryan Marsh 0-0: Ball
1-0: Ball
2-0: Ground out 5-3 (Groundball, 5S, EV 80.0 MPH)
Batting: LHB Ryan Young 0-0: Ball
1-0: Foul Ball, location: 2F
1-1: Ball
2-1: Foul Ball, location: 2F
2-2: Strikes out swinging
Bottom of the 9th over - 0 runs, 0 hits, 1 error, 1 left on base; University of Toronto 10 - University of North Carolina at Chapel Hill 4
Tuesday, March 28th , 2023 - OOTP Baseball 23.10 Build 110